AoeStats
← ELPATRON

Arena

507779820Analyzed
1v1 RM · 13d ago on Sep 19, 2026· 49m 5s· 2 players
Game mode
Random Map
Map size
Tiny (2 player)
Population
200
Speed
Normal
Resources
Standard
Victory
Conquest
Starting age
Dark Age
Ending age
Imperial Age
RankedLock teamsTeams togetherTeam positionsShared explorationLock speedFull tech treeHidden civsTurbo modeCheats
Victory
Defeat
🇵🇪 Celts · Peru
435
+14
🇦🇷 Maya · Argentina
395
-14
ELPATRON
0:38 Loom
10:08 Feudal Age
11:53 Double-Bit Axe
13:02 Wheelbarrow
14:25 Gold Mining
19:40 Castle Age
19:02 Fletching
20:39 Stone Mining
20:58 Horse Collar
23:28 Bow Saw
24:29 Arson
24:55 Heavy Plow
25:55 Eagle Warrior
28:22 Hand Cart
28:11 Town Watch
29:49 Squires
31:22 Fervor
31:28 Town Patrol
31:43 Forging
31:33 Scale Mail Armor
31:28 Bodkin Arrow
33:35 Elite Skirmisher
34:39 Chain Mail Armor
34:59 Iron Casting
34:56 Sanctity
35:03 Padded Archer Armor
35:14 Thumb Ring
34:29 Crossbowman
36:47 Stone Shaft Mining
35:45 Man-at-Arms
35:45 Pikeman
36:29 Murder Holes
36:44 Fortified Wall
36:25 Heated Shot
39:14 Imperial Age
36:28 Long Swordsman
40:22 Leather Archer Armor
41:27 Chemistry
40:48 Ballistics
41:39 Two-Man Saw
41:50 Crop Rotation
40:50 Capped Ram
40:51 Onager
41:21 Arbalester
48:09 Blast Furnace
diegopugac03
0:26 Loom
11:59 Feudal Age
12:31 Horse Collar
13:13 Double-Bit Axe
15:20 Stone Mining
15:20 Gold Mining
18:05 Gold Mining
26:09 Castle Age
25:45 Forging
24:58 Man-at-Arms
25:24 Arson
26:10 Long Swordsman
26:36 Gambesons
26:11 Pikeman
26:27 Elite Skirmisher
28:00 Heavy Plow
42:04 Imperial Age
40:29 Bow Saw
42:31 Murder Holes
42:18 Treadmill Crane
44:56 Hoardings
49:19 Masonry
48:36 Halberdier
Connection lost

Rejoining the realm…

Still unreachable

The connection could not be restored.

Session expired

The server has moved on; the page needs a fresh start.